 Dungeon Crawl Stone Soup version 0.28-a0-687-gb91baff9cc (webtiles) character file.

Game seed: 8895930851377278100

143 bande the Covered (level 5, 0/33 HPs)
             Began as a Gargoyle Fighter on Oct 20, 2021.
             Killed by divine providence
             ... invoked by an orc priest
              (14 damage)
             ... on level 3 of the Dungeon.
             The game lasted 00:03:43 (2693 turns).

bande the Covered (Gargoyle Fighter)                Turns: 2693, Time: 00:03:43

Health: 0/33       AC: 13    Str: 24    XL:     5   Next: 25%
Magic:  5/5        EV:  9    Int:  9    God:
Gold:   93         SH:  4    Dex:  9    Spells: 4/4 levels left

rFire   . . .      SeeInvis .   a - +0 war axe
rCold   . . .      Faith    +   c - +0 buckler
rNeg    + . .      Spirit   .   b - +0 scale mail
rPois   ∞          Reflect  .   e - +1 helmet "Syinuykku" {Str+4}
rElec   +          Harm     .   (no cloak)
rCorr   .          Rampage  .   (no gloves)
Will    .....                   (no boots)
Stlth   ..........              j - amulet of faith
HPRegen 0.11/turn               (no ring)
MPRegen 0.09/turn               (no ring)

@: no status effects
A: sickness immunity, AC +4, negative energy resistance 1, electricity
resistance, torment resistance 1, petrification resistance
a: no special abilities


You were on level 3 of the Dungeon.
You visited 1 branch of the dungeon, and saw 3 of its levels.

You collected 93 gold pieces.

Inventory:

Hand Weapons
 a - a +0 war axe (weapon)
Armour
 b - a +0 scale mail (worn)
 c - a +0 buckler (worn)
 e - the +1 helmet "Syinuykku" (worn) {Str+4}
   (You took it off Robin on level 3 of the Dungeon)

   Str:       It affects your strength (+4).
Jewellery
 f - a ring of ice
 j - an amulet of faith (around neck)
 o - an amulet of the acrobat
Scrolls
 g - a scroll of torment {unknown}
Potions
 d - a potion of might
 i - a potion of curing
 k - a potion of haste {unknown}
 m - a potion of invisibility {unknown}
 n - a potion of degeneration {unknown}
 p - a potion of flight {unknown}
 q - a potion of attraction {unknown}


   Skills:
 + Level 4.0 Fighting
 + Level 3.5 Axes
 + Level 4.1 Armour
 + Level 3.6 Shields


You had 4 spell levels left.
You didn't know any spells.
Your spell library contained the following spells:

 Spells                   Type           Power      Damage    Failure   Level
 Beastly Appendage        Tmut           0%         N/A       69%         1
 Blink                    Tloc           N/A        N/A       83%         2
 Wereblood                Tmut           0%         N/A       83%         2
 Spider Form              Tmut/Pois      0%         N/A       96%         3
 Manifold Assault         Tloc           0%         N/A       100%        5
 Storm Form               Tmut/Air       0%         N/A       100%        7


Dungeon Overview and Level Annotations

Branches:
Dungeon (3/15)

Altars:


Innate Abilities, Weirdness & Mutations

You are immune to sickness and miasma.
Your stone body is resilient. (AC +4)
You are immune to poison.
You resist negative energy. (rN+)
You are resistant to electric shocks. (rElec)
You are resistant to unholy torment.
You are immune to petrification.


Message History

You feel less confused.
The orc priest hits you but does no damage.
There is a stone staircase leading up, spattered with blood here.
Things that are here:
a +0 dagger; a +0 robe; an orc corpse You closely miss the orc priest.
The orc priest barely misses you.
You slash the orc priest!
The orc priest is almost dead.
The orc priest hits you but does no damage.
You hit the orc priest but do no damage.
You hit the orc priest.
You kill the orc priest!
The orc priest casts a cantrip, but nothing happens.
Your Fighting skill increases to level 4!
You have reached level 5!
You barely miss the orc priest.
The orc priest hits you but does no damage.
The orc priest barely misses you.
You hit the orc priest but do no damage.
The orc priest completely misses you.
You hit the orc priest.
The orc priest is moderately wounded.
The orc priest barely misses you.
You barely miss the orc priest.
The orc priest is moderately wounded.
The orc priest mumbles some strange prayers to Beogh against you.
Pain shoots through your body!
The orc priest calls down the wrath of Beogh upon you.
Beogh smites you!
You hit the orc priest.
The orc priest is heavily wounded.
The orc priest hits you but does no damage.
You closely miss the orc priest.
The orc priest is heavily wounded.
The orc priest miscasts a cantrip.
You hit the orc priest.
The orc priest is almost dead.
The orc priest calls down the wrath of Beogh upon you.
Beogh smites you!
You die...

*≈≈≈≈*****≈≈≈≈≈≈≈≈≈***#.#
******≈≈* ***≈≈≈####* #.# ####
,,,,*≈≈≈*****######..#####.# #...
,,******≈≈≈≈≈#..........##.# #...
,,,*≈≈≈≈≈***#######.....##'###...
,***≈≈******#≈≈≈≈≈≈.........##...
,*≈≈≈*≈≈≈≈≈≈≈≈≈≈###..............
***********######)..........##...
,*********,,..#)@#+#........#####
,*,,,,,,,,,*#.##o#.#.########
,*,***#######.##.#.#..###########
,,,,,,............^..............
,*****#######....#.#..##≈≈≈≈#####
>,,,,,.......o####.#....≈........
******###.###o.# #.#.##.≈≈≈≈...##
*,**##.# #...............
*********,,* *.#*###.##........##


You could see an orc priest.

Vanquished Creatures
  An orc priest (D:3)
  An orc wizard (D:3)
  Robin (D:3)
  2 adders (D:2)
  A worm (D:2)
  2 orcs
  4 ball pythons
  2 endoplasms (D:1)
  3 giant cockroaches
  12 goblins
  7 hobgoblins
  4 kobolds
  2 quokkas
  4 bats (D:1)
  A frilled lizard (D:1)
  5 rats
52 creatures vanquished.

Notes
Turn   | Place    | Note
-------+----------+-------------------------------------------
     0 | D:1      | bande the Gargoyle Fighter began the quest for the Orb.
     0 | D:1      | Reached XP level 1. HP: 14/14 MP: 1/1
   217 | D:1      | Reached XP level 2. HP: 16/19 MP: 2/2
   673 | D:1      | Reached XP level 3. HP: 24/24 MP: 3/3
  2130 | D:3      | Identified the +1 helmet "Syinuykku" {Str+4}
  2130 | D:3      | Noticed Robin
  2132 | D:3      | Reached XP level 4. HP: 29/29 MP: 4/4
  2153 | D:3      | Killed Robin
  2687 | D:3      | Reached XP level 5. HP: 30/33 MP: 5/5
  2693 | D:3      | Killed from afar by an orc priest

Illustrated notes

Levels and vault maps discovered:
D:1:      wander_arrival_lonely_grave, layout_basic, serial_forest,
          infiniplex_forest_lined_3_way, infiniplex_forest_straight_2,
          infiniplex_forest_corner_2, infiniplex_forest_lined_corner,
          infiniplex_forest_lined_corner, infiniplex_forest_lined_2,
          infiniplex_forest_3_way, infiniplex_forest_lined_1
D:2:      layout_basic, corexii_shack
D:3:      layout_basic, serial_rivers, chequers_serial_rivers_large_b,
          chequers_serial_rivers_micro_c, chequers_serial_rivers_room_b,
          chequers_serial_rivers_micro_d, chequers_serial_rivers_large_a,
          shapermc_ecumenical_altar_rom_forum, uniq_robin

Skill      XL: |  1  2  3  4 |
---------------+-------------+-----
Axes           | 2 3 |  3.5
Armour         | 4 |  4.1
Fighting       | 4 |  4.0
Shields        | |  3.6

Action                   |  1- 3 |  4- 6 || total
-------------------------+-------+-------++-------
Melee: War axe           |   107 |    51 ||   158
  Use: Scroll            |     4 |       ||     4
Armor: Scale mail        |    78 |    36 ||   114
Dodge: Dodged            |    52 |    32 ||    84
Block: Buckler           |    26 |     7 ||    33

Table legend: (Time is in decaauts)
 A = Elapsed time spent in this place.
 B = Non-inter-level travel time spent in this place.
 C = Inter-level travel time spent in this place.
 D = Time resting spent in this place.
 E = Time spent auto-exploring this place.
 F = Levels seen in this place.
 G = Mean time per level.
                   A        B        C        D        E       F      G
               +--------+--------+--------+--------+--------+-----+--------+
         Total |   2756 |   2756 |      0 |    383 |   1885 |   3 |  918.7 |
       Dungeon |   2756 |   2756 |      0 |    383 |   1885 |   3 |  918.7 |
               +--------+--------+--------+--------+--------+-----+--------+

Top non-repeatable levels by time:
     D:1: 1194 daAuts
     D:2: 1133 daAuts
     D:3: 428 daAuts
